 Dungeon Crawl Stone Soup version 0.30-b1-2-g02819fbbbe (webtiles) character file.

Game seed: 13040122543672263503

12198 emikaela the Jinx (level 11, -12/56 HPs)
             Began as a Deep Elf Chaos Knight on May 14, 2023.
             Was a Follower of Hepliaklqana.
             Mangled by a quicksilver ooze (19 damage)
             ... in an ice cave on May 15, 2023.
             The game lasted 01:25:13 (11781 turns).

emikaela the Jinx (Deep Elf Chaos Knight)          Turns: 11781, Time: 01:25:14

Health: -12/56     AC: 13    Str:  9      XL:     11   Next: 59%
Magic:  0/25       EV: 15    Int: 17 (18) God:    Hepliaklqana [*.....]
Gold:   608        SH:  0    Dex: 16      Spells: 15/26 levels left

rFire   x . .        b - +6 shortbow (freeze)
rCold   + . .        (shield currently unavailable)
rNeg    . . .        O - +2 leather armour
rPois   .            u - +0 helmet
rElec   .            I - +2 cloak
rCorr   .            n - +0 pair of gloves
SInv    .            d - +1 pair of boots
Will    +....        l - amulet of guardian spirit
Stlth   ++++         A - ring of ice
HPRegen 0.29/turn    h - ring of flight
MPRegen 0.19/turn

%: random rage (3%), guardian spirit
@: engulfed (cannot breathe), flying
A: reduced essence, berserk 1, dopey 1, mutation resistance 1, shaggy fur 1,
subdued magic 1
a: Renounce Religion, Recall Ancestor, Ancestor Identity


You were in an ice cave.
You worshipped Hepliaklqana.
Hepliaklqana was aware of your devotion.
You visited 3 branches of the dungeon, and saw 11 of its levels.
You also visited: Ice Cave.

You collected 608 gold pieces.

Inventory:

Hand Weapons
 a - a +0 short sword of chaos
 b - a +6 shortbow of freezing (weapon)
 t - a +2 heavy spear
 N - a +0 long sword of freezing
Missiles
 f - a curare-tipped dart {!f}
 s - 59 stones
 J - 18 poisoned darts
Armour
 d - a +1 pair of boots (worn)
 n - a +0 pair of gloves (worn)
 u - a +0 helmet (worn)
 E - an orb of wrath
 I - a +2 cloak (worn)
 M - the +1 pair of boots of Precision Catastrophes {-Cast rC++ rN+ rCorr}
   (You found it on level 8 of the Dungeon)

   rC:        It greatly protects you from cold.
   rN:        It protects you from negative energy.
   -Cast:     It prevents spellcasting.
   rCorr:     It protects you from acid and corrosion.
 O - a +2 leather armour (worn)
 P - a +2 scale mail of cold resistance
 Q - +0 ice dragon scales
Jewellery
 h - a ring of flight (right hand)
 k - an amulet of reflection
 l - an amulet of guardian spirit (around neck)
 q - a ring of positive energy
 A - a ring of ice (left hand)
Wands
 B - a wand of iceblast (2)
Scrolls
 g - 5 scrolls of poison {!r}
 j - a scroll of silence {unknown}
 m - a scroll of magic mapping
 o - 5 scrolls of immolation {!r}
 p - 2 scrolls of teleportation
 r - a scroll of enchant weapon {unknown}
 v - 4 scrolls of vulnerability {!r}
 y - a scroll of fear {unknown}
 D - a scroll of noise {unknown}
 G - a scroll of fog {unknown}
 H - 2 scrolls of amnesia
 L - a scroll of enchant armour {unknown}
Potions
 e - 2 potions of lignification {!q}
 i - a potion of resistance {unknown}
 w - 4 potions of curing
 x - 2 potions of berserk rage {!q}
 z - 5 potions of heal wounds {unknown}
 C - 3 potions of might
 F - a potion of cancellation
 K - 3 potions of mutation {!q}
Miscellaneous
 c - a piece from Xom's chessboard (15/15)


   Skills:
 - Level 5.0 Fighting
 - Level 4.0 Short Blades
 + Level 6.1 Ranged Weapons
 - Level 1.0 Armour
 - Level 7.0 Dodging
 - Level 10.0 Stealth
 - Level 8.0 Spellcasting
 - Level 11.0 Hexes
 + Level 8.5 Summonings
 - Level 3.0 Ice Magic
 - Level 5.0 Evocations


You had 15 spell levels left.
You knew the following spells:

 Your Spells              Type           Power      Damage    Failure   Level
a - Confusing Touch       Hex            34%        N/A       1%          3
e - Ensorcelled Hibernat  Hex/Ice        70%        N/A       1%          2
s - Slow                  Hex            100%       N/A       1%          1
v - Summon Mana Viper     Hex/Summ       30%        N/A       5%          5

Your spell library contained the following spells:

 Spells                   Type           Power      Damage    Failure   Level
 Lesser Beckoning         Tloc           10%        N/A       19%         2
 Passwall                 Tmut/Erth      4%         N/A       19%         2
 Gell's Gravitas          Tloc           5%         N/A       34%         3
 Swiftness                Air            5%         N/A       34%         3
 Teleport Other           Tloc           5%         N/A       34%         3
 Vampiric Draining        Necr           5%         2d6       34%         3
 Summon Cactus Giant      Summ           13%        N/A       50%         6
 Summon Forest            Summ/Tloc      8%         N/A       52%         5
 Animate Dead             Necr           5%         N/A       77%         4
 Borgnjor's Vile Clutch   Necr/Erth      2%         N/A       98%         5
 Death Channel            Necr           2%         N/A       100%        6


Dungeon Overview and Level Annotations

Branches:
Dungeon (9/15)             Temple (1/1) D:7            Lair (1/5) D:8
    Orc (0/2) D:9           IceCv (1/1)

Altars:
Ashenzari
Cheibriados
Dithmenos
Elyvilon
Fedhas
Gozag
Hepliaklqana
Kikubaaqudgha
Makhleb
Nemelex Xobeh
Okawaru
Qazlal
Ru
Sif Muna
Trog
Uskayaw
Wu Jian
Yredelemnul
Zin
The Shining One

Shops:
D:2 [   D:5 (   D:6 (

Annotations:
D:4 exclusion: ogre
Lair:1 1 runed translucent door


Innate Abilities, Weirdness & Mutations

Your life essence is reduced to manifest your ancestor. (-10% HP)
You sometimes lose your temper in combat.
You are dopey. (Int -2)
You are somewhat resistant to further mutation.
You are covered in fur. (AC +1)
Your spells are a little easier to cast, but a little less powerful.


Message History

The quicksilver ooze closely misses you.
The quicksilver ooze hits you!
You feel your power leaking away.
* * * LOW MAGIC WARNING * * *
Your mana viper bites the glowing shapeshifter simulacrum!!
You slip free of the ooze engulfing you.
You gasp with relief as air once again reaches your lungs.
The quicksilver ooze hits Zdislav.
The quicksilver ooze hits Zdislav!
Zdislav hits the quicksilver ooze.
Fire: b) +6 shortbow (freeze)
Press: ? - help, Q - select action, (/) - cycle Shift-Dir - straight line, f/p - quicksilver ooze
Aim: a quicksilver ooze (moderately wounded, ally target, 57% to hit)
You shoot an arrow. Zdislav avoids your attack.
The arrow hits the quicksilver ooze!
The arrow freezes the quicksilver ooze.
The quicksilver ooze is heavily wounded.
The quicksilver ooze hits Zdislav! x2; Zdislav hits the quicksilver ooze!
The quicksilver ooze hits Zdislav!
Zdislav is destroyed!
Fire: b) +6 shortbow (freeze)
Press: ? - help, Q - select action, (/) - cycle Shift-Dir - straight line, p - quicksilver ooze You shoot an arrow.
The arrow hits the quicksilver ooze.
The arrow freezes the quicksilver ooze.
The quicksilver ooze is severely wounded.
The quicksilver ooze completely misses you.
The quicksilver ooze hits you but does no damage.
Your mana viper misses the quicksilver ooze.
Fire: b) +6 shortbow (freeze)
Press: ? - help, Q - select action, (/) - cycle Shift-Dir - straight line You shoot an arrow.
The arrow hits the quicksilver ooze.
The arrow freezes the quicksilver ooze.
The quicksilver ooze is severely wounded.
The quicksilver ooze hits you!
* * * LOW MAGIC WARNING * * *;
* * * LOW HITPOINT WARNING * * *
The quicksilver ooze engulfs you!
The quicksilver ooze hits you but does no damage.
The quicksilver ooze hits you!!
* * * LOW MAGIC WARNING * * *
You die...
Xom is highly amused!

#..# ##..##. ##.#
#..## #..##.##..##
#...# #..##......#
##..####..##.Z....#
.#....##..# ......#
.##.......##......#
..#...##...#...#S.#
!.##..##...##.##J.#
#.##..##....#.##@.#
#.##..##....#.#...#
..#...###...#.#...#
......# ##.......##
......# #.......#
.....## #......##
.....# ##.....#
#...## ##...##
##### #####


You could see a quicksilver ooze (ally target) and a friendly mana viper
(summoned).

Vanquished Creatures
  A quicksilver ooze (IceCv)
  An ugly thing (D:9)
  A troll (D:7)
  A slime creature (IceCv)
  5 wraiths (D:8)
  4 yaks (D:9)
  A shadow (D:8)
  3 wyverns
  7 fire bats (D:8)
  A steam dragon (D:7)
  A vampire mosquito (D:5)
  A water moccasin (D:6)
  An acid dragon (D:9)
  4 orc warriors
  A sky beast (D:6)
  2 ice beasts (D:8)
  6 great orb of eyes simulacra (IceCv)
  2 slime creature simulacra (IceCv)
  2 bullfrogs (D:7)
  2 scorpions
  A gnoll sergeant (D:6)
  2 glowing shapeshifter simulacra (IceCv)
  An electric eel (D:6)
  2 howler monkeys (D:9)
  2 hounds (D:7)
  An orc priest (D:3)
  3 jellies (D:5)
  A sleepcap (D:7)
  A gnoll bouda (D:6)
  2 iguanas
  Natasha (D:2)
  4 orc wizards
  5 shapeshifter simulacra (IceCv)
  10 gnolls
  4 adders
  2 shadow imps (D:5)
  3 white imps (Lair:1)
  A worm (D:3)
  2 dart slugs (D:1)
  20 orcs
  9 endoplasms
  3 giant cockroaches
  7 goblins
  4 hobgoblins
  12 jackals
  9 kobolds
  5 quokkas
  3 ball pythons
  74 bats
  A frilled lizard (D:1)
  3 rats
245 creatures vanquished.

Vanquished Creatures (collateral kills)
  Erolcha (D:9)
  A two-headed ogre (shapeshifter) (D:8)
  A two-headed ogre (D:9)
  A flayed ghost (D:8)
  An ice statue (IceCv)
  2 komodo dragons (Lair:1)
  2 slime creatures (IceCv)
  A jumping spider (shapeshifter) (D:8)
  2 fire bats (D:8)
  A water moccasin (D:7)
  A great orb of eyes simulacrum (IceCv)
  A bullfrog (D:8)
  2 kobold brigands
  An orc priest (D:8)
  An iguana (D:6)
  5 orc wizards
  2 shapeshifter simulacra (IceCv)
  A gnoll (D:7)
  10 white imps
  5 orcs (D:6)
  A goblin (D:7)
  6 kobolds
  11 bats (D:8)
60 creatures vanquished.

Vanquished Creatures (others)
  An orc wizard (D:6)
  11 ancestors
  6 fungi (D:8)
  39 plants
57 creatures vanquished.

Grand Total: 362 creatures vanquished

Notes
Turn   | Place    | Note
-------+----------+-------------------------------------------
     0 | D:1      | emikaela the Deep Elf Chaos Knight began the quest for the
                  | Orb.
     0 | D:1      | Reached XP level 1. HP: 13/13 MP: 3/3
    10 | D:1      | You fall into a shaft and drop 1 floor!
    92 | D:1      | Reached skill level 1 in Armour
   150 | D:1      | Reached XP level 2. HP: 18/18 MP: 4/4
   218 | D:1      | XOM: noise
   432 | D:1      | Found a faded altar of an unknown god.
   437 | D:1      | XOM: god gift: worn silver wand {god gift}
   482 | D:1      | XOM: fog
   513 | D:1      | XOM: noise
   573 | D:1      | XOM: summons 2 hostile demons
   574 | D:1      | Noticed a chaos spawn
   719 | D:1      | Reached XP level 3. HP: 19/22 MP: 5/5
   951 | D:1      | Reached skill level 1 in Stealth
  1064 | D:2      | Noticed Natasha
  1114 | D:2      | XOM: divination: detect items
  1365 | D:2      | Found Caac Ote's Armour Emporium.
  1548 | D:2      | XOM: silly message
  1627 | D:2      | XOM: potion effect (attraction)
  1629 | D:2      | Killed Natasha
  1630 | D:2      | Reached XP level 4. HP: 27/27 MP: 6/6
  1841 | D:3      | Reached skill level 1 in Evocations
  2265 | D:3      | Found a snail-covered altar of Cheibriados.
  2875 | D:3      | Reached XP level 5. HP: 25/32 MP: 7/7
  2929 | D:3      | XOM: give mutations
  2929 | D:3      | Gained mutation: You have sharp toenails. [Xom's mischief]
  2929 | D:3      | Gained mutation: You are dopey. (Int -2) [Xom's mischief]
  3135 | D:4      | XOM: summons 3 hostile shadow creatures
  3318 | D:4      | Noticed an ogre
  3638 | D:5      | Entered Level 5 of the Dungeon
  3703 | D:5      | Found Gosusac's Weapon Shop.
  3758 | D:5      | Found a bloodstained altar of Trog.
  3758 | D:5      | XOM: 5-stop teleportation journey
  3760 | D:5      | Reached XP level 6. HP: 37/37 MP: 8/8
  3762 | D:5      | Noticed a vampire mosquito
  4030 | D:5      | Reached skill level 5 in Stealth
  4030 | D:5      | Reached skill level 1 in Spellcasting
  4033 | D:5      | Learned a level 2 spell: Ensorcelled Hibernation
  4060 | D:5      | Learned a level 3 spell: Confusing Touch
  4062 | D:5      | Learned a level 1 spell: Slow
  4183 | D:6      | Found Tofovim's Weapon Shop.
  4194 | D:6      | XOM: stat loss: -1 Str (8/9)
  4230 | D:5      | Reached skill level 1 in Hexes
  4263 | D:6      | Noticed a sky beast
  4270 | D:6      | Killed a sky beast
  4271 | D:6      | Reached skill level 2 in Hexes
  4271 | D:6      | Reached skill level 1 in Ice Magic
  4271 | D:6      | Reached XP level 7. HP: 22/41 MP: 10/12
  4283 | D:6      | XOM: smoke on damage
  4285 | D:6      | Reached skill level 3 in Hexes
  4397 | D:5      | Found a stormy altar of Qazlal.
  4397 | D:5      | Found an ancient bone altar of Kikubaaqudgha.
  4440 | D:5      | XOM: summons 4 hostile demons
  4448 | D:5      | XOM: smoke on damage
  4634 | D:5      | Found a shimmering blue altar of Sif Muna.
  4749 | D:5      | XOM: give mutations
  4749 | D:5      | Gained mutation: You are covered in fur. (AC +1) [Xom's
                  | mischief]
  4749 | D:5      | Lost mutation: You have sharp toenails. [Xom's mischief]
  4805 | D:5      | XOM: noise
  4980 | D:6      | XOM: 2-stop teleportation journey
  4988 | D:7      | Reached skill level 4 in Hexes
  4994 | D:7      | Found a flagged portal.
  5004 | D:7      | Noticed a wyvern
  5005 | D:7      | Found a staircase to the Ecumenical Temple.
  5071 | D:7      | XOM: cast spell 'Summon Mana Viper'
  5075 | D:7      | Reached skill level 5 in Hexes
  5101 | D:6      | XOM: enchant monster (bad)
  5118 | D:6      | Reached skill level 6 in Hexes
  5124 | D:6      | XOM: noise
  5140 | D:6      | Reached skill level 7 in Hexes
  5178 | D:5      | XOM: enchant monster (good)
  5184 | D:5      | Killed a vampire mosquito
  5185 | D:5      | Reached XP level 8. HP: 35/46 MP: 10/14
  5584 | D:6      | XOM: summons 2 hostile demons
  5610 | D:6      | XOM: silly message
  5654 | D:6      | XOM: cloud trail
  5780 | D:6      | XOM: scenery: summon butterflies
  5819 | D:6      | XOM: summons 4 friendly demons
  6001 | D:6      | XOM: confuse monster(s)
  6068 | D:6      | XOM: potion effect (brilliance)
  6133 | D:6      | XOM: enchant monster (bad)
  6425 | Temple   | Entered the Ecumenical Temple
  6710 | Temple   | Fell from the grace of Xom
  6710 | Temple   | Became a worshipper of Hepliaklqana the Forgotten
  6864 | D:7      | Noticed a troll
  6967 | D:6      | Reached skill level 5 in Dodging
  6967 | D:6      | Reached skill level 8 in Hexes
  7148 | D:7      | Killed a troll
  7149 | D:7      | Reached skill level 5 in Spellcasting
  7328 | D:7      | Reached XP level 9. HP: 50/50 MP: 13/18
  7334 | D:7      | Learned a level 5 spell: Summon Mana Viper
  7412 | D:7      | XOM: draining
  7491 | D:7      | Reached skill level 1 in Summonings
  7585 | D:7      | Reached skill level 9 in Hexes
  7752 | D:8      | Found a runed translucent door.
  7760 | D:8      | Found a sparkling altar of Nemelex Xobeh.
  7786 | D:8      | Found a broken altar of Ashenzari.
  7807 | D:8      | Found an ancient bone altar of Kikubaaqudgha.
  7852 | D:8      | XOM: stat loss: -3 Int (15/18)
  7893 | D:8      | XOM: swap monsters
  7956 | D:8      | Found a broken altar of Ashenzari.
  8011 | D:8      | XOM: summons 9 hostile demons
  8012 | D:8      | Noticed a hellwing
  8013 | D:8      | Reached skill level 5 in Summonings
  8249 | D:8      | Found a staircase to the Lair.
  8481 | D:8      | Reached skill level 10 in Hexes
  8509 | D:8      | Found a white marble altar of Elyvilon.
  8556 | D:8      | Reached * piety under Hepliaklqana
  8646 | D:8      | Reached XP level 10. HP: 14/50 MP: 3/22
  9058 | D:8      | XOM: give mutations
  9058 | D:8      | Gained mutation: You sometimes lose your temper in combat.
                  | [Xom's mischief]
  9058 | D:8      | Gained mutation: Your magical capacity is low. (-10% MP)
                  | [Xom's mischief]
  9058 | D:8      | Gained mutation: You have hidden genetic potential. [Xom's
                  | mischief]
  9136 | D:8      | Found a hazy altar of Hepliaklqana.
  9270 | D:8      | XOM: give mutations
  9270 | D:8      | Lost mutation: Your magical capacity is low. (-10% MP)
                  | [Xom's mischief]
  9270 | D:8      | Gained mutation: Your spells are a little easier to cast,
                  | but a little less powerful. [Xom's mischief]
  9270 | D:8      | Lost mutation: You have hidden genetic potential. [Xom's
                  | mischief]
  9270 | D:8      | Gained mutation: You are somewhat resistant to further
                  | mutation. [Xom's mischief]
  9292 | D:8      | Noticed a flayed ghost
  9301 | D:8      | Found an ornate altar of the Wu Jian Council.
  9307 | D:8      | a megabat changed into a glowing shapeshifter
  9307 | D:8      | Noticed a glowing shapeshifter (glowing shapeshifter)
  9307 | D:8      | a glowing shapeshifter changed into a glowing orange brain
  9307 | D:8      | Noticed a glowing orange brain (glowing shapeshifter)
  9311 | D:8      | a glowing orange brain changed into an orb spider
  9311 | D:8      | Noticed an orb spider (glowing shapeshifter)
  9314 | D:8      | an orb spider changed into a shock serpent
  9314 | D:8      | Noticed a shock serpent (glowing shapeshifter)
  9320 | D:8      | a shock serpent changed into a skyshark
  9320 | D:8      | Noticed a skyshark (glowing shapeshifter)
  9321 | D:8      | a skyshark changed into a glowing orange brain
  9321 | D:8      | Noticed a glowing orange brain (glowing shapeshifter)
  9380 | D:9      | Found a staircase to the Orcish Mines.
  9485 | D:9      | Noticed a cyan ugly thing
  9624 | D:9      | Killed a cyan ugly thing
  9921 | D:9      | Noticed Erolcha
  9932 | D:9      | Killed Erolcha
 10106 | D:9      | Noticed a two-headed ogre
 10131 | D:9      | Killed a two-headed ogre
 10507 | D:8      | a megabat changed into a glowing shapeshifter
 10507 | D:8      | Noticed a glowing shapeshifter (glowing shapeshifter)
 10507 | D:8      | a glowing shapeshifter changed into a mana viper
 10507 | D:8      | Noticed a mana viper (glowing shapeshifter)
 10511 | D:8      | a mana viper changed into a jumping spider
 10513 | D:8      | Reached XP level 11. HP: 52/54 MP: 10/25
 10596 | D:8      | Killed a flayed ghost
 10597 | D:8      | Reached skill level 5 in Evocations
 10602 | D:8      | Identified the +1 pair of boots of Precision Catastrophes
                  | {-Cast rC++ rN+ rCorr}
 10619 | D:8      | a torpor snail changed into a lindwurm
 10619 | D:8      | Noticed a lindwurm (glowing shapeshifter)
 10621 | D:8      | Noticed a glowing orange brain
 10627 | D:8      | a glowing orange brain changed into a swamp dragon
 10627 | D:8      | Noticed a swamp dragon (glowing shapeshifter)
 10630 | D:8      | a swamp dragon changed into a two-headed ogre
 10630 | D:8      | Noticed a two-headed ogre (glowing shapeshifter)
 10632 | D:8      | a two-headed ogre changed into a torpor snail
 10634 | D:8      | a manticore changed into a shock serpent
 10634 | D:8      | Noticed a shock serpent (glowing shapeshifter)
 10637 | D:8      | a shock serpent changed into a two-headed ogre
 10637 | D:8      | Noticed a two-headed ogre (glowing shapeshifter)
 10638 | D:8      | a two-headed ogre changed into a faun
 10640 | D:8      | a faun changed into a glowing shapeshifter
 10640 | D:8      | Noticed a glowing shapeshifter (glowing shapeshifter)
 10641 | D:8      | a glowing shapeshifter changed into a two-headed ogre
 10641 | D:8      | Noticed a two-headed ogre (glowing shapeshifter)
 10645 | D:8      | Killed a two-headed ogre
 10646 | D:8      | Reached skill level 1 in Ranged Weapons
 10959 | Lair:1   | Entered Level 1 of the Lair of Beasts
 11053 | Lair:1   | XOM: summons 14 hostile demons
 11142 | Lair:1   | Found a frozen archway.
 11151 | Lair:1   | Found a runed translucent door.
 11155 | IceCv    | Entered an ice cave
 11186 | IceCv    | XOM: noise
 11268 | IceCv    | Reached skill level 10 in Stealth
 11305 | IceCv    | XOM: torment (39/55 hp)
 11466 | IceCv    | Reached skill level 11 in Hexes
 11516 | IceCv    | Noticed a quicksilver ooze
 11557 | IceCv    | Killed a quicksilver ooze
 11558 | IceCv    | Reached skill level 5 in Fighting
 11558 | IceCv    | Reached skill level 5 in Ranged Weapons
 11588 | IceCv    | XOM: stat loss: -1 Int (17/18)
 11602 | IceCv    | XOM: summons 1 hostile shadow creature
 11771 | IceCv    | Noticed a quicksilver ooze
 11781 | IceCv    | Mangled by a quicksilver ooze

Illustrated notes

Levels and vault maps discovered:
D:1:      sevenhm_arrival_forest_fort_small_6, layout_basic,
          shapermc_ecumenical_altar_hornbeckon
D:2:      layout_rooms, serial_shops, shop_statue, serial_rivers,
          chequers_serial_rivers_small_b, chequers_serial_rivers_micro_e,
          chequers_serial_rivers_large_a, chequers_serial_rivers_small_3,
          chequers_serial_rivers_marsh, chequers_serial_rivers_marsh,
          uniq_natasha
D:3:      layout_basic, chei_slow_surprise
D:4:      layout_basic
D:5:      layout_basic, lemuel_blue_sif_altar, grunt_temple_overflow_open,
          serial_shops, shop, st_stairs_11, hex_intersection
D:6:      layout_basic, serial_shops, shop, serial_bayou_lagoon_a
D:7:      layout_basic, minmay_temple_entry_offerings, enter_bailey_5,
          kennysheep_doodads
D:8:      due_megacathedral, layout_cave_pools, mainiacjoe_overflow_24_doors,
          dpeg_oklobed_lair
D:9:      layout_long_grid, orc_0_dummy, uniq_erolcha
Temple:   dpeg_chambers_temple
Lair:1:   layout_regular_city, gammafunk_ghost_grave, portal_ice_cave_entry_imps
IceCv:    ice_cave_hellmonk_azure_passage

Skill      XL: |  1  2  3  4  5  6  7  8  9 10 11 |
---------------+----------------------------------+-----
Armour         | 1 |  1.0
Dodging        | 3 4 5 6 7 |  7.0
Stealth        | 1 2 4 5 7 8 9 10 | 10.0
Evocations     | 1 3 4 5 |  5.0
Fighting       | 3 4 5 |  5.0
Short Blades   | 4 |  4.0
Spellcasting   | 2 5 6 8 |  8.0
Hexes          | 2 7 8 10 11 | 11.0
Ice Magic      | 1 2 3 |  3.0
Summonings     | 6 8 |  8.5
Ranged Weapons | 6 |  6.1

Action                     |  1- 3 |  4- 6 |  7- 9 | 10-12 || total
---------------------------+-------+-------+-------+-------++-------
  Melee: Short sword       |   142 |   158 |   445 |   308 ||  1053
         Punch             |       |       |     9 |     5 ||    14
   Fire: Shortbow          |       |       |       |   162 ||   162
  Throw: Stone             |       |    13 |       |       ||    13
   Cast: Ensorcelled Hiber |       |       |    54 |     9 ||    63
         Confusing Touch   |       |       |    15 |     9 ||    24
         Slow              |       |       |     2 |       ||     2
         Summon Mana Viper |       |       |       |    16 ||    16
 Invoke: Recall Ancestor   |       |       |     1 |       ||     1
         Ancestor Identity |       |       |     1 |       ||     1
  Evoke: Piece from Xom's  |     2 |     1 |       |       ||     3
         Wand              |       |     1 |       |     2 ||     3
    Use: Scroll            |       |    12 |     9 |     4 ||    25
         Potion            |       |     1 |     2 |     1 ||     4
   Stab: Sleeping          |     1 |     8 |    24 |     4 ||    37
         Confused          |     1 |       |    16 |    13 ||    30
         Distracted        |     1 |       |       |     1 ||     2
         Petrifying        |       |       |     2 |       ||     2
         Petrified         |       |       |     3 |       ||     3
 Armour: Leather armour    |    52 |    32 |   249 |   193 ||   526
         Skin              |       |     4 |       |       ||     4
  Dodge: Dodged            |    94 |    54 |   460 |   384 ||   992
  Block: Other             |    15 |    23 |    11 |       ||    49
